 Dungeon Crawl Stone Soup version 0.31-a0-818-ge7c7cf74f0 (webtiles) character file.

Game seed: 2832112895927532737

92 Fodor the Covered (level 4, 0/40 HPs)
             Began as a Minotaur Fighter on Sept 20, 2023.
             Slain by Sigmund
             ... wielding a +2 vampiric scythe
              (9 damage)
             ... on level 2 of the Dungeon on Sept 22, 2023.
             The game lasted 00:10:33 (1973 turns).

Fodor the Covered (Minotaur Fighter)                Turns: 1973, Time: 00:10:33

Health: 0/40       AC:  7    Str: 20    XL:     4   Next: 35%
Magic:  3/3        EV:  9    Int:  7    God:
Gold:   120        SH:  4    Dex: 10    Spells: 3/3 levels left

rFire   . . .        a - +0 long sword
rCold   . . .        c - +0 buckler
rNeg    . . .        b - +0 scale mail
rPois   .            (helmet restricted)
rElec   .            (no cloak)
rCorr   .            (no gloves)
SInv    .            (no boots)
Will    .....        (no amulet) Stlth
                     (no ring)
HPRegen 0.26/turn    (no ring)
MPRegen 0.08/turn

%: no passive effects
@: no status effects
A: horns 2, retaliatory headbutt
a: no special abilities


You were on level 2 of the Dungeon.
You visited 1 branch of the dungeon, and saw 2 of its levels.

You collected 120 gold pieces.

Inventory:

Hand Weapons
 a - a +0 long sword (weapon)
Missiles
 g - 6 datura-tipped darts (quivered)
Armour
 b - a +0 scale mail (worn)
 c - a +0 buckler (worn)
Jewellery
 i - an amulet of faith
Scrolls
 j - 2 scrolls of identify {unknown}
 k - a scroll of summoning {unknown}
 l - a scroll of enchant weapon {unknown}
 n - 4 scrolls of immolation
Potions
 d - a potion of might
 e - 2 potions of enlightenment {unknown}
 f - a potion of berserk rage {unknown}
 h - a potion of brilliance {unknown}
 m - a potion of invisibility {unknown}
 o - 2 potions of ambrosia {unknown}


   Skills:
 + Level 4.2 Fighting
 + Level 3.7 Long Blades
 + Level 4.5 Armour
 + Level 0.6 Stealth
 + Level 4.2 Shields


You had 3 spell levels left.
You didn't know any spells.
Your spell library contained the following spells:

 Spells                   Type           Power      Damage    Failure   Level
 Ignite Poison            Fire/Tmut/Pois 0%         N/A       99%         3
 Sticky Flame             Conj/Fire      0%         2d3       100%        4
 Ignition                 Fire           0%         3d3       100%        8


Dungeon Overview and Level Annotations

Branches:
Dungeon (2/15)

Altars:

Shops:
D:2 (

Annotations:
D:2 Sigmund


Innate Abilities, Weirdness & Mutations

You have a pair of horns on your head.
You reflexively headbutt those who attack you in melee.


Message History

Found a club.
You now have 120 gold pieces (gained 9).
You see here a +0 club.
You open the door.
There is an open door here.
Found a leather armour.
Sigmund the Dreaded comes into view.
He is wielding a +2 vampiric scythe.
Sigmund shouts!
Sigmund laughs darkly.
Sigmund points at you and mumbles some strange words.
You resist with some effort. Sigmund hits you but does no damage.
You block Sigmund's attack.
You hit Sigmund.
Sigmund is lightly wounded.
You slash Sigmund! Your headbutt misses Sigmund.
Sigmund is moderately wounded.
Sigmund closely misses you.
You hit Sigmund but do no damage.
Sigmund is moderately wounded.
Sigmund mumbles some strange words.
Sigmund flickers and vanishes!
Deactivating autopickup; reactivate with Ctrl-A.
You slash something! Something hits you.
You closely miss something.
You hear some strange, mumbled words.
Something tries to affect you, but you resist.
You barely miss something. Something hits you!
You miss something. Something hits you.
You barely miss something.
You hear some strange, mumbled words.
A puff of flame appears from out of thin air!
The puff of flame hits you.
You miss something. Something hits you.
You slash something! Something hits you!
* * * LOW HITPOINT WARNING * * *
You hit something. Something hits you.
* * * LOW HITPOINT WARNING * * *
You hit something. Something hits you!
You die...

######
#..........###
########.### #.#
##### #########
#.# ....#
#.......# #.#
###.#
#.#####.####.#
###.####
#.#...#.##...# ###
.......#
#.#.#........# #..
###.##.#
#@#...#.##...###.#
###.##.#
#{##.##.###...##.#
....##.#
#.##.##.##.....#.#
######.#
#.....[.###......#
#.## #....####
##.##### #..##
#.#### #.# #
##...## #.# #.# #
#.....# #.# ##+##
# ##...## #.#
##...## #


There were no monsters in sight!

Vanquished Creatures
  Jessica (D:2)
  2 adders (D:2)
  A worm (D:2)
  2 dart slugs
  3 bats
  2 endoplasms
  A giant cockroach (D:2)
  5 goblins (D:1)
  3 hobgoblins (D:2)
  4 jackals (D:2)
  3 quokkas
  A ball python (D:1)
  2 frilled lizards (D:1)
  5 kobolds
  3 rats
38 creatures vanquished.

Notes
Turn   | Place    | Note
-------+----------+-------------------------------------------
     0 | D:1      | Fodor the Minotaur Fighter began the quest for the Orb.
     0 | D:1      | Reached XP level 1. HP: 19/19 MP: 0/0
     0 | D:1      | Upgraded the game from 0.31-a0-803-g95b03c3367 to
                  | 0.31-a0-810-ga77100ea1a
     0 | D:1      | Upgraded the game from 0.31-a0-810-ga77100ea1a to
                  | 0.31-a0-818-ge7c7cf74f0
   165 | D:1      | Reached XP level 2. HP: 25/27 MP: 1/1
   475 | D:1      | Found a faded altar of an unknown god.
  1040 | D:2      | Reached XP level 3. HP: 33/33 MP: 2/2
  1149 | D:2      | Noticed Jessica
  1153 | D:2      | Killed Jessica
  1211 | D:2      | Found Wiluf's Weapon Shop.
  1357 | D:2      | Reached XP level 4. HP: 32/40 MP: 3/3
  1957 | D:2      | Noticed Sigmund
  1973 | D:2      | Slain by Sigmund

Illustrated notes

Levels and vault maps discovered:
D:1:      grunt_arrival_lava_bath, layout_basic,
          hellmonk_ecumenical_altar_blasted
D:2:      layout_loops_corners, serial_shops, shop, uniq_jessica, uniq_sigmund

Skill      XL: |  1  2  3 |
---------------+----------+-----
Armour         | 4 |  4.5
Shields        | 4 |  4.2
Fighting       | 4 |  4.2
Long Blades    | 3 |  3.7
Stealth        | |  0.6

Action                     |  1- 3 |  4- 6 || total
---------------------------+-------+-------++-------
  Melee: Long sword        |    74 |    29 ||   103
         Headbutt          |     7 |     1 ||     8
  Throw: Dart              |     1 |       ||     1
 Armour: Scale mail        |    51 |    29 ||    80
  Dodge: Dodged            |    47 |    11 ||    58
  Block: Buckler           |    15 |     4 ||    19

Table legend: (Time is in decaauts)
 A = Elapsed time spent in this place.
 B = Non-inter-level travel time spent in this place.
 C = Inter-level travel time spent in this place.
 D = Time resting spent in this place.
 E = Time spent auto-exploring this place.
 F = Levels seen in this place.
 G = Mean time per level.
                   A        B        C        D        E       F      G
               +--------+--------+--------+--------+--------+-----+--------+
         Total |   2002 |   1930 |     72 |     54 |      0 |   2 | 1001.0 |
       Dungeon |   2002 |   1930 |     72 |     54 |      0 |   2 | 1001.0 |
               +--------+--------+--------+--------+--------+-----+--------+

Top non-repeatable levels by time:
     D:2: 1151 daAuts
     D:1: 851 daAuts
